 Dungeon Crawl Stone Soup version 0.29.1-13-g9f3cf754e1 (webtiles) character file.

Game seed: 3954061797501657246

243 Exodus22XD the Chopper (level 5, -1/47 HPs)
             Began as a Minotaur Fighter on Feb 3, 2023.
             Was a Follower of the Shining One.
             Killed from afar by Ijyb (17 damage)
             ... with a bolt of acid
             ... on level 4 of the Dungeon.
             The game lasted 00:01:44 (2221 turns).

Exodus22XD the Chopper (Minotaur Fighter)           Turns: 2221, Time: 00:01:44

Health: -1/47      AC:  0    Str: 23    XL:     5   Next: 82%
Magic:  5/5        EV:  9    Int:  5    God:    the Shining One [*.....]
Gold:   138        SH:  4    Dex:  9    Spells: 4/4 levels left

rFire   . . .      SeeInvis .   a - +0 war axe
rCold   . . .      Faith    .   c - +0 buckler
rNeg    . . .      Spirit   .   b - +0 scale mail
rPois   .          Reflect  .   (helmet restricted)
rElec   .          Harm     .   (no cloak)
rCorr   .          Rampage  .   k - +0 pair of gloves
Will    .....                   (no boots)
Stlth   ..........              (no amulet)
HPRegen 0.15/turn               (no ring)
MPRegen 0.09/turn               (no ring)

@: corroded, glowing
A: horns 2, retaliatory headbutt
a: Renounce Religion, Divine Shield


You were on level 4 of the Dungeon.
You worshipped the Shining One.
The Shining One was aware of your devotion.
You visited 1 branch of the dungeon, and saw 4 of its levels.

You collected 138 gold pieces.

Inventory:

Hand Weapons
 a - a +0 war axe (weapon)
Missiles
 v - 2 throwing nets (quivered)
Armour
 b - a +0 scale mail (worn)
 c - a +0 buckler (worn)
 k - a +0 pair of gloves (worn)
Jewellery
 n - a ring of magical power
Scrolls
 g - 4 scrolls of identify {unknown}
 h - 2 scrolls of magic mapping {unknown}
 i - a scroll of fear {unknown}
 l - 2 scrolls of immolation {unknown}
 m - a scroll of fog {unknown}
 o - 2 scrolls of enchant armour {unknown}
 p - a scroll of brand weapon {unknown}
 r - a scroll of acquirement {unknown}
 s - 2 scrolls of poison {unknown}
 t - 4 scrolls of teleportation {unknown}
 u - a scroll of noise {unknown}
 w - a scroll of vulnerability {unknown}
 x - a scroll of blinking {unknown}
Potions
 d - 2 potions of might
 e - 4 potions of curing {unknown}
 f - a potion of flight {unknown}
 j - a potion of degeneration {unknown}
 q - a potion of lignification {unknown}


   Skills:
 + Level 4.6 Fighting
 + Level 5.2 Axes
 + Level 4.4 Armour
 + Level 4.1 Shields
 * Level 2.2 Invocations


You had 4 spell levels left.
You didn't know any spells.
Your spell library was empty.

Dungeon Overview and Level Annotations

Branches:
Dungeon (4/15)
 Temple: D:4-7

Altars:
Dithmenos
The Shining One

Shops:
D:1 (=

Annotations:
D:4 Ijyb


Innate Abilities, Weirdness & Mutations

You have a pair of horns on your head.
You reflexively headbutt those who attack you in melee.


Message History

e - 4 white potions (gained 1) Key pressed, stopping explore.
No target in view!
s - 2 scrolls labelled VUEWIH CARE (gained 1)
Found a club.
Found a stone staircase leading down.
No target in view!
t - 4 scrolls labelled JIHEXE YCYPH (gained 1)
A hobgoblin comes into view.
Ijyb the Twisted Goblin comes into view.
She is wielding a +0 club and carrying a wand of acid (5).
Ijyb shouts!
The hobgoblin shouts!
There are monsters nearby!
The hobgoblin hits you but does no damage.
There are monsters nearby!
You barely miss the hobgoblin. The hobgoblin barely misses you.
There are monsters nearby!
You barely miss the hobgoblin. The hobgoblin closely misses you.
You furiously retaliate!
You headbutt the hobgoblin. You completely miss the hobgoblin.
The hobgoblin is moderately wounded.
You block the hobgoblin's attack. The hobgoblin closely misses you.
Ijyb screams, "Me very upset!"
Ijyb zaps a wand.
The bolt of acid hits you!
You slash the hobgoblin!
You kill the hobgoblin!
You barely miss Ijyb.
Ijyb zaps a wand.
The bolt of acid hits you. The acid corrodes you!
Ijyb is nearby!
You hit Ijyb but do no damage. Ijyb hits you with a +0 club.
You closely miss Ijyb. Ijyb hits you with a +0 club.
Ijyb is nearby!
You slash Ijyb!
Ijyb is moderately wounded.
Ijyb zaps a wand.
The bolt of acid hits you! The acid corrodes you! Ijyb hits you with a +0 club.
Ijyb is nearby!
You are too injured to fight recklessly!
You hit Ijyb but do no damage.
Ijyb is moderately wounded.
Ijyb zaps a wand.
The bolt of acid hits you!
You die...

. ...## #. .. ....## .. ..#
#.....# .. .. .......# ##.#
#.## ...#...... ##...
..##..###..#.###.<.#
##.#g..##..##..#.....
#..#@#####....†...#.. ##
#............###..#.# ..#
#..##........##...... ....
##.##........###.....
.....###..##........##..###.
....>#....###............# .
#.....)..## ##....##....###
##.......# ###............#.
######..###................


You could see Ijyb.

Vanquished Creatures
  A howler monkey (D:4)
  Jessica (D:2)
  2 iguanas (D:4)
  3 gnolls (D:3)
  3 adders
  2 dart slugs (D:1)
  3 ball pythons
  6 endoplasms
  4 giant cockroaches
  A goblin (D:1)
  2 hobgoblins
  14 jackals
  6 quokkas
  5 bats
  2 frilled lizards
  7 kobolds
  3 rats
65 creatures vanquished.

Notes
Turn   | Place    | Note
-------+----------+-------------------------------------------
     0 | D:1      | Exodus22XD the Minotaur Fighter began the quest for the
                  | Orb.
     0 | D:1      | Reached XP level 1. HP: 19/19 MP: 0/0
    51 | D:1      | Reached XP level 2. HP: 23/27 MP: 1/1
   195 | D:1      | Found a faded altar of an unknown god.
   244 | D:1      | Prayed at the altar of an unknown god.
   244 | D:1      | Became a worshipper of the Shining One
   244 | D:1      | Reached * piety under the Shining One
   426 | D:1      | Found Xunnuzyo's Antique Weapon Shop.
   450 | D:1      | Reached XP level 3. HP: 33/33 MP: 2/2
   453 | D:1      | Reached skill level 3 in Axes
   526 | D:1      | Found Guanuul's Jewellery Emporium.
   651 | D:2      | Noticed Jessica
   655 | D:2      | Killed Jessica
   656 | D:2      | Reached skill level 1 in Invocations
   656 | D:2      | Reached XP level 4. HP: 40/40 MP: 3/3
   804 | D:2      | Found a shadowy altar of Dithmenos.
  1556 | D:3      | Reached XP level 5. HP: 39/47 MP: 5/5
  1665 | D:3      | Reached skill level 4 in Axes
  2162 | D:4      | Reached skill level 5 in Axes
  2212 | D:4      | Noticed Ijyb
  2221 | D:4      | Killed from afar by Ijyb

Illustrated notes

Levels and vault maps discovered:
D:1:      lightli_arrival_noodles, layout_basic, serial_shops,
          nicolae_shop_stone, shop_fountains, ebering_ecumenical_altar_hall,
          minmay_misc_feat_pillars, minmay_misc_feat_encased
D:2:      minmay_wonky_spiral, layout_basic, basic_altar,
          kennysheep_jessica_study
D:3:      layout_loops_corners
D:4:      layout_cave_pools, ebering_ghost_rock_garden, uniq_ijyb

Skill      XL: |  1  2  3  4  5 |
---------------+----------------+-----
Fighting       | 4 |  4.6
Armour         | 4 |  4.4
Shields        | 4 |  4.1
Axes           | 3 5 |  5.2
Invocations    | 1 2 |  2.2

Action                   |  1- 3 |  4- 6 || total
-------------------------+-------+-------++-------
Melee: War axe           |    54 |    59 ||   113
       Headbutt          |     6 |     5 ||    11
Armor: Scale mail        |    35 |    26 ||    61
Dodge: Dodged            |    36 |    30 ||    66
Block: Buckler           |    15 |     7 ||    22
